 Dungeon Crawl Stone Soup version 0.30-a0-465-g8901f6c8b5 (webtiles) character file.

Game seed: 7726284474007518147

3280 experimilk the Destroyer (level 9, -4/71 HPs)
             Began as a Green Draconian Conjurer on Dec 18, 2022.
             Was a Follower of Vehumet.
             Shot with a bolt by an orc warrior (23 damage)
             ... on level 7 of the Dungeon.
             The game lasted 00:22:12 (10335 turns).

experimilk the Destroyer (DrCj)                    Turns: 10335, Time: 00:22:13

Health: -4/71      AC:  7    Str: 10    XL:     9   Next: 69%
Magic:  4/13       EV: 12    Int: 22    God:    Vehumet [*.....]
Gold:   536        SH:  0    Dex: 10    Spells: 2/14 levels left

rFire   . . .      SeeInvis .    i - +0 quarterstaff (spect)
rCold   . . .      Faith    .    (shield currently unavailable)
rNeg    . . .      Spirit   .    (body armour unavailable)
rPois   +          Reflect  .    (helmet restricted)
rElec   .          Harm     .    (no cloak)
rCorr   .          Rampage  .    (no gloves)
Will    .....                    (no boots)
Stlth   ++........               (no amulet)
HPRegen 0.31/turn                (no ring)
MPRegen 0.13/turn                (no ring)

@: studying Staves
A: breathe noxious fumes, AC +7, unfitting armour, poison resistance,
cold-blooded
a: Breathe Noxious Fumes, Renounce Religion


You were on level 7 of the Dungeon.
You worshipped Vehumet.
Vehumet was aware of your devotion.
You visited 1 branch of the dungeon, and saw 7 of its levels.
You also visited: Ossuary.

You collected 536 gold pieces.

Inventory:

Hand Weapons
 c - a +0 whip
 i - a +0 spectral quarterstaff (weapon)
 B - a +6 trident of venom
Armour
 b - a +0 kite shield
Magical Staves
 G - a staff of death
Jewellery
 y - a ring of see invisible
 H - a ring of positive energy
 J - a ring of positive energy
Wands
 A - a wand of digging (4)
 E - a wand of roots (6)
 F - a wand of acid (8)
Scrolls
 e - a scroll of enchant armour {unknown}
 g - 5 scrolls of enchant weapon {unknown}
 m - 2 scrolls of torment {unknown}
 n - 3 scrolls of fear {unknown}
 o - 2 scrolls of magic mapping {unknown}
 t - a scroll of acquirement {unknown}
 v - a scroll of silence {unknown}
 w - 3 scrolls of amnesia {unknown}
 x - a scroll of brand weapon {unknown}
 z - 3 scrolls of immolation {unknown}
 C - a scroll of teleportation {unknown}
 I - a scroll of blinking {unknown}
Potions
 a - 2 potions of ambrosia {unknown}
 d - 3 potions of curing
 f - 4 potions of flight
 h - 2 potions of lignification {unknown}
 j - 2 potions of heal wounds {unknown}
 k - 2 potions of invisibility {unknown}
 l - 2 potions of brilliance {unknown}
 p - 2 potions of haste {unknown}
 q - 3 potions of attraction {unknown}
 r - 2 potions of mutation {unknown}
 s - a potion of degeneration {unknown}
 u - 2 potions of berserk rage {unknown}
 D - a potion of might {unknown}


   Skills:
 - Level 4.1 Fighting
 - Level 1.7 Dodging
 - Level 1.7 Stealth
 - Level 3.0 Spellcasting
 + Level 11.7 Conjurations
 - Level 6.0 Translocations
 - Level 3.0 Poison Magic


You had 2 spell levels left.
You knew the following spells:

 Your Spells              Type           Power      Damage    Failure   Level
a - Gell's Gravitas       Tloc           29%        N/A       3%          3
b - Magic Dart            Conj           100%       1d8       1%          1
q - Cigotuvi's Dreadful   Necr/Pois/Air  14%        N/A       12%         2
x - Iskenderun's Mystic   Conj/Tloc      42%        2d10      3%          4
z - Searing Ray           Conj           100%       2d8       1%          2

Your spell library contained the following spells:

 Spells                   Type           Power      Damage    Failure   Level
 Freeze                   Ice            12%        1d3       12%         1
 Dazzling Flash           Conj/Hex       58%        N/A       3%          3
 Lesser Beckoning         Tloc           58%        N/A       3%          3
 Teleport Other           Tloc           29%        N/A       3%          3
 Fulminant Prism          Conj/Hex       14%        3d9       11%         4
 Dispel Undead            Necr           3%         3d7       77%         4
 Death Channel            Necr           1%         N/A       100%        6


Dungeon Overview and Level Annotations

Branches:
Dungeon (7/15)             Temple (0/1) D:6         Ossuary (visited)

Altars:
Elyvilon
Hepliaklqana
Kikubaaqudgha
Makhleb
Vehumet
Yredelemnul

Shops:
D:1 [

Annotations:
D:4 3 runed translucent doors, Zonian's ghost, novice DjIE


Innate Abilities, Weirdness & Mutations

You can breathe blasts of noxious fumes.
Your lurid green scales are hard. (AC +7)
You cannot fit into any form of body armour.
Your system is resistant to poisons. (rPois)
You are cold-blooded and may be slowed by cold attacks.


Message History

The orc warrior is lightly wounded. (Press . to maintain the ray.)
The bullfrog croaks.
The searing ray hits the bullfrog!
The bullfrog is heavily wounded.
The searing ray hits the orc warrior.
The orc warrior is lightly wounded.
The searing ray hits the bullfrog!
The bullfrog is almost dead.
The bullfrog hits you.
The searing ray misses the bullfrog.
The searing ray hits the orc warrior!
The orc warrior is heavily wounded.
You finish channelling your searing ray.
The bullfrog hits you but does no damage.
Unknown command.
Casting: Searing Ray (safe; 1% risk of failure)
Confirm with . or Enter, or press ? or * to list all spells.
Aiming: Searing Ray (safe; 1% risk of failure)
Press: ? - help, Shift-Dir - straight line, f/p - orc warrior
Aim: an orc warrior, wielding a +0 arbalest and wearing a +0 plate armour (heavily wounded, 83% to hit)
The searing ray hits the bullfrog!
You kill the bullfrog!
Vehumet accepts your kill.
The searing ray hits the orc warrior.
The orc warrior is severely wounded. (Press . to maintain the ray.)
The orc warrior shoots a bolt.
The bolt barely misses you.
Unknown command.
The searing ray hits the orc warrior!
The orc warrior is almost dead.
The orc warrior shoots a bolt.
The bolt hits you!
The searing ray hits the orc warrior but does no damage.
The orc warrior is almost dead.
The orc warrior shoots a bolt.
The bolt hits you!!
* * * LOW HITPOINT WARNING * * *
The searing ray hits the orc warrior.
The orc warrior is almost dead.
You finish channelling your searing ray.
The orc warrior shoots a bolt.
The bolt hits you!!
You die...

......# ##..)##....##.#.#.
####..# ##.....##..###.#...
......# #....)..##'###.#..#
.#....#### #[..8...##..##...##
.......... #+##)......#....#.....
..........##..##.....##.......###
#.........#....##...##+#..##..#
#.........#...o'#'###..####...#
#.........## ##@.##....# #.#.#
##.........# #....'....# #...#
#.........# #....##..## #.###
##.........#####..#########.#####
...........'...####..............
...........##.....#.######..#####
...........######.#.........#
................#.####....###
##.........####.#.##...####


You could see an orc warrior.

Vanquished Creatures
  Edmund (D:5)
  2 water moccasins
  Duvessa (D:5)
  2 black bears (D:6)
  An ice beast (D:5)
  A sky beast (D:7)
  2 ogres (D:5)
  3 centaurs
  2 phantoms (D:5)
  3 bullfrogs
  2 gnoll sergeants (D:6)
  A wyvern zombie (D:5)
  2 necrophages
  5 wights
  2 scorpions
  Dowan (D:5)
  2 howler monkeys (D:7)
  A bullfrog zombie (D:5)
  A centaur zombie (D:5)
  An orc priest (D:6)
  6 hounds
  3 jellies
  A bullfrog skeleton (D:5)
  4 iguanas
  2 scorpion zombies (D:5)
  An orc wizard (D:3)
  A hound zombie (D:5)
  8 mummies (Ossuary)
  6 adders
  10 gnolls
  A white imp (D:6)
  3 ufetubi
  An adder zombie (D:5)
  3 dart slugs
  5 orcs
  8 ball pythons
  6 endoplasms
  3 giant cockroaches
  3 gnoll zombies (Ossuary)
  10 goblins
  6 hobgoblins
  4 quokkas
  3 bats
  4 frilled lizards
  2 hobgoblin zombies (Ossuary)
  8 kobolds
  A kobold zombie (Ossuary)
  2 orc zombies (Ossuary)
  5 rats
156 creatures vanquished.

Notes
Turn   | Place    | Note
-------+----------+-------------------------------------------
     0 | D:1      | experimilk the Draconian Conjurer began the quest for the
                  | Orb.
     0 | D:1      | Reached XP level 1. HP: 14/14 MP: 3/3
   111 | D:1      | Found Ymnat's Antique Armour Shoppe.
   154 | D:1      | Reached XP level 2. HP: 20/20 MP: 1/5
   213 | D:1      | Learned a level 2 spell: Searing Ray
   759 | D:1      | Reached skill level 5 in Conjurations
   812 | D:1      | Reached XP level 3. HP: 26/26 MP: 4/6
   951 | D:1      | You fall into a shaft and drop 1 floor!
  1721 | D:2      | Reached XP level 4. HP: 33/33 MP: 4/7
  1861 | D:2      | Learned a level 4 spell: Iskenderun's Mystic Blast
  2007 | D:3      | Found a white marble altar of Elyvilon.
  2599 | D:4      | Reached skill level 6 in Conjurations
  2599 | D:4      | Reached skill level 1 in Translocations
  2599 | D:4      | Reached XP level 5. HP: 38/38 MP: 2/8
  2791 | D:4      | Found a sand-covered staircase.
  2796 | Ossuary  | Entered an ossuary
  3548 | D:4      | Reached XP level 6. HP: 38/45 MP: 2/9
  3741 | D:4      | Found a runed translucent gate.
  3742 | D:4      | Found a runed translucent gate.
  3742 | D:4      | Found a runed translucent gate.
  3743 | D:4      | Noticed Zonian's ghost (novice DjIE)
  3946 | D:4      | Reached skill level 7 in Conjurations
  4443 | D:4      | Found a burning altar of Makhleb.
  4446 | D:4      | Found a basalt altar of Yredelemnul.
  4451 | D:4      | Found a hazy altar of Hepliaklqana.
  4623 | D:4      | Found a radiant altar of Vehumet.
  4669 | D:4      | Became a worshipper of Vehumet
  4710 | D:5      | Entered Level 5 of the Dungeon
  4903 | D:5      | Your scales start taking on a lurid green colour.
  4903 | D:5      | Reached XP level 7. HP: 49/50 MP: 0/10
  4903 | D:5      | Gained mutation: Your system is resistant to poisons.
                  | (rPois) [Green Draconian growth]
  4986 | D:5      | Learned a level 3 spell: Gell's Gravitas
  5009 | D:5      | Reached skill level 8 in Conjurations
  5284 | D:5      | Noticed Duvessa
  5421 | D:5      | Found an ancient bone altar of Kikubaaqudgha.
  5536 | D:5      | Reached XP level 8. HP: 43/57 MP: 1/12
  5541 | D:5      | Noticed Edmund
  5695 | D:5      | Reached skill level 9 in Conjurations
  5728 | D:5      | Reached skill level 5 in Translocations
  5924 | D:5      | Killed Edmund
  5929 | D:5      | Reached skill level 1 in Fighting
  6256 | D:5      | Learned a level 2 spell: Cigotuvi's Dreadful Rot
  6482 | D:5      | Noticed Dowan
  6485 | D:5      | Killed Duvessa
  6493 | D:5      | Killed Dowan
  7015 | D:5      | Reached * piety under Vehumet
  7015 | D:5      | Offered knowledge of Freeze by Vehumet.
  7016 | D:5      | Reached skill level 1 in Poison Magic
  8418 | D:6      | Reached XP level 9. HP: 56/71 MP: 2/13
  9205 | D:6      | Reached skill level 10 in Conjurations
  9544 | D:6      | Found a staircase to the Ecumenical Temple.
 10115 | D:7      | Reached skill level 11 in Conjurations
 10335 | D:7      | Shot with a bolt by an orc warrior

Illustrated notes

Levels and vault maps discovered:
D:1:      sevenhm_arrival_forest_fort_small_6, layout_basic, serial_shops,
          nicolae_shop_stone, st_stairs_11
D:2:      layout_rooms
D:3:      layout_rooms, old_standard_altar, serial_bayou_lagoon_a
D:4:      layout_loops_ring, lemuel_tele_altar, grunt_temple_overflow_diamond,
          ebering_ghost_rock_garden, enter_ossuary_2, hangedman_minor_gate_pass
D:5:      layout_basic, mainiacjoe_overflow_alcove_2, serial_undead,
          serial_undead_d, serial_undead_b, serial_undead_f, serial_undead_d,
          serial_undead_e, minmay_manual_moon, uniq_edmund, uniq_duvessa
D:6:      layout_rooms, minmay_temple_entry_proselytizer
D:7:      minmay_bubble_buster, layout_basic, small_statue_intersection

Skill      XL: |  1  2  3  4  5  6  7  8  9 |
---------------+----------------------------+-----
Conjurations   | 5 6 7 8 9 11 | 11.7
Translocations | 1 2 3 4 6 |  6.0
Spellcasting   | 3 |  3.0
Fighting       | 4 |  4.1
Poison Magic   | 3 |  3.0
Dodging        | |  1.7
Stealth        | |  1.7

Action                   |  1- 3 |  4- 6 |  7- 9 || total
-------------------------+-------+-------+-------++-------
Melee: Whip              |     5 |       |       ||     5
       Quarterstaff      |       |    19 |    35 ||    54
       Tailslap          |       |     3 |     7 ||    10
 Cast: Magic Dart        |    42 |    80 |    35 ||   157
       Searing Ray       |    14 |    22 |    50 ||    86
       Iskenderun's Myst |       |       |    14 ||    14
       Gell's Gravitas   |       |       |     2 ||     2
       Cigotuvi's Dreadf |       |       |     2 ||     2
 Abil: Breathe Noxious F |       |       |    14 ||    14
  Use: Scroll            |     2 |       |       ||     2
       Potion            |       |     1 |       ||     1
 Stab: Distracted        |       |       |     1 ||     1
Armor: Skin              |     4 |     8 |    24 ||    36
Dodge: Dodged            |     5 |    11 |    54 ||    70

Table legend: (Time is in decaauts)
 A = Elapsed time spent in this place.
 B = Non-inter-level travel time spent in this place.
 C = Inter-level travel time spent in this place.
 D = Time resting spent in this place.
 E = Time spent auto-exploring this place.
 F = Levels seen in this place.
 G = Mean time per level.
                   A        B        C        D        E       F      G
               +--------+--------+--------+--------+--------+-----+--------+
         Total |  10379 |  10072 |    307 |   3825 |   5192 |   8 | 1297.4 |
       Dungeon |   9710 |   9403 |    307 |   3475 |   4992 |   7 | 1387.1 |
       Ossuary |    669 |    669 |      0 |    350 |    200 |   1 |  669.0 |
               +--------+--------+--------+--------+--------+-----+--------+

Top non-repeatable levels by time:
     D:5: 3689 daAuts
     D:4: 1983 daAuts
     D:1: 1261 daAuts
     D:6: 968 daAuts
     D:3: 751 daAuts
 Ossuary: 669 daAuts
     D:2: 600 daAuts
     D:7: 456 daAuts
